 Dungeon Crawl Stone Soup version 0.21.1-1-g345015f (webtiles) character file.

14 tidbits the Charmwright (level 2, -7/26 HPs)
             Began as a Gnoll Skald on June 26, 2018.
             Was an Initiate of Cheibriados.
             Mangled by a gnoll (8 damage)
             ... on level 3 of the Dungeon.
             The game lasted 00:01:29 (211 turns).

tidbits the Charmwright (Gnoll Skald)                Turns: 211, Time: 00:01:30

Health: -7/26      AC:  3    Str: 14    XL:     2   Next: 45%
Magic:  3/7        EV: 14    Int: 16    God:    Cheibriados [......]
Gold:   30         SH:  0    Dex: 15    Spells: 5/10 levels left

rFire    . . .     SeeInvis .   a - +0 hand axe
rCold    . . .     Gourm    .   (no shield)
rNeg     . . .     Faith    .   b - +0 leather armour
rPois    .         Spirit   .   (no helmet)
rElec    .         Reflect  .   (no cloak)
rCorr    .         Harm     .   (no gloves)
MR       .....                  (no boots)
Stlth    +.........             (no amulet)
HPRegen  0.08/turn              (no ring)
MPRegen  0.10/turn              (no ring)

@: singing, very slow
A: distributed training, fangs 1, strong nose
a: Bend Time, Renounce Religion


You were on level 3 of the Dungeon.
You worshipped Cheibriados.
Cheibriados was noncommittal.
You were not hungry.

You visited 1 branch of the dungeon, and saw 3 of its levels.

You collected 30 gold pieces.

Inventory:

Hand Weapons
 a - a +0 hand axe (weapon)
 g - a +0 hunting sling
Missiles
 e - 16 sling bullets
 h - 16 stones (quivered)
Armour
 b - a +0 leather armour (worn)
Scrolls
 f - a scroll of identify {unknown}
Books
 c - a book of Battle

   Spells                             Type                      Level
   a - Infusion                       Charms                       1
   b - Shroud of Golubria             Charms/Translocation         2
   c - Song of Slaying                Charms                       2
   d - Spectral Weapon                Hexes/Charms                 3
   e - Regeneration                   Charms/Necromancy            3
Comestibles
 d - 2 rations


   Skills:
 + Level 4.5 Fighting
 + Level 0.4 Short Blades
 + Level 0.4 Long Blades
 + Level 4.5 Axes
 + Level 0.4 Maces & Flails
 + Level 0.4 Polearms
 + Level 0.4 Staves
 + Level 0.4 Slings
 + Level 0.4 Bows
 + Level 0.4 Crossbows
 + Level 0.4 Throwing
 + Level 2.5 Armour
 + Level 4.5 Dodging
 + Level 0.4 Stealth
 + Level 0.4 Shields
 + Level 0.4 Unarmed Combat
 + Level 4.9 Spellcasting
 + Level 0.2 Conjurations
 + Level 0.2 Hexes
 + Level 5.3 Charms
 + Level 0.2 Summonings
 + Level 0.2 Necromancy
 + Level 0.2 Translocations
 + Level 0.2 Transmutations
 + Level 0.2 Fire Magic
 + Level 0.2 Ice Magic
 + Level 0.2 Air Magic
 + Level 0.2 Earth Magic
 + Level 0.2 Poison Magic
 + Level 0.5 Invocations
 + Level 0.4 Evocations


You had 5 spell levels left.
You knew the following spells:

 Your Spells              Type           Power        Failure   Level  Hunger
g - Shroud of Golubria    Chrm/Tloc      ##........   9%          2    ##.....
i - Infusion              Chrm           ###.         1%          1    None
y - Song of Slaying       Chrm           ###.....     3%          2    ##.....


Dungeon Overview and Level Annotations

Branches:
Dungeon (3/15)

Altars:
Cheibriados
Zin


Innate Abilities, Weirdness & Mutations

Your experience applies equally to all skills.
You have very sharp teeth.
Your uncanny sense of smell can sniff out nearby items.


Message History

Your magical infusion is running out.
The giant cockroach waves its antennae.
The giant cockroach closely misses you.
You closely miss the giant cockroach.
The giant cockroach is severely wounded.
The giant cockroach bites you but does no damage.
The giant cockroach barely misses you.
You hit the giant cockroach!
You kill the giant cockroach!
Cheibriados thoroughly appreciates the change of pace.
You hit the rat.
You kill the rat!
Cheibriados appreciates the change of pace.
You see here a rat corpse.
You are no longer magically infusing your attacks.
Found 15 gold pieces.
You see here 15 gold pieces.
You now have 30 gold pieces (gained 15).
Magic restored.
Things that are here:
a club; a hobgoblin corpse
Found a ration.
You see here a ration.
d - 2 rations (gained 1)
You open the door.
Found a stone staircase leading down.
There is an open door here.
You open the door.
A frilled lizard comes into view.
The frilled lizard hisses angrily.
There is a stone staircase leading down here.
Unknown command.
You climb downwards.
There is a stone staircase leading up here.
Unknown command.
Found 10 stones.
Unknown command.
A giant cockroach comes into view.
Casting: Infusion
Confirm with . or Enter, or press ? or * to list all spells.
You don't know that spell.
You slash the giant cockroach!
You kill the giant cockroach!
Cheibriados appreciates the change of pace.
You see here a giant cockroach corpse.
Memorise Song of Slaying, consuming 2 spell levels and leaving 7?
You start memorising the spell.
You continue memorising. x2
You finish memorising.
Spell assigned to 'y'.
Memorise Shroud of Golubria, consuming 2 spell levels and leaving 5?
You start memorising the spell.
You continue memorising. x2
You finish memorising.
Spell assigned to 'g'.
A goblin comes into view. It is wielding a club.
The goblin shouts!
You hear a shout!
The goblin unwields an uncursed club.
The goblin wields a hunting sling.
The goblin shoots a stone.
The stone hits you.
You see here a stone.
Unknown command.
Casting: Infusion
Confirm with . or Enter, or press ? or * to list all spells.
You start singing a song of slaying.
The goblin shoots a stone.
The stone closely misses you.
A gnoll comes into view.
The goblin misses you.
The goblin shoots a stone.
The stone hits you.
A gnoll comes into view.
You see here a stone.
You hear a shout!
The goblin shoots a stone.
The stone hits you but does no damage. The goblin hits you with a club.
A gnoll comes into view. It is wielding a flail.
You see here a stone.
The goblin unwields an uncursed hunting sling.
The goblin wields an uncursed club.
The goblin hits you with an uncursed club.
* * * LOW HITPOINT WARNING * * *
Unknown command.
Casting: Song of Slaying
Confirm with . or Enter, or press ? or * to list all spells.
Space distorts slightly along a thin shroud covering your body.
The goblin hits you with an uncursed club.
* * * LOW HITPOINT WARNING * * *
The goblin completely misses you. The gnoll hits you.
* * * LOW HITPOINT WARNING * * *
You hit the gnoll. Your bite misses the gnoll.
The gnoll is moderately wounded.
You hit the goblin. You hit the goblin but do no damage.
The goblin hits you with an uncursed club.
* * * LOW HITPOINT WARNING * * *
The goblin closely misses you. The gnoll barely misses you.
You barely miss the gnoll. You bite the gnoll, but do no damage.
The gnoll is moderately wounded.
You closely miss the goblin. You hit the goblin. The goblin closely misses you.
The goblin hits you with a club.
* * * LOW HITPOINT WARNING * * *
The gnoll closely misses you.
You closely miss the gnoll.
The gnoll is moderately wounded.
You closely miss the goblin. You hit the goblin but do no damage.
Your shroud bends the goblin's attack away.
The gnoll hits you!
You die...

#.#### #...<# #.####
#.# #.# #.#
########## #.#
#........# #.#
#........#
#.####.@g......
...##.†...ggg......
........(.(.........
.......(.......g....
....###(...........#
.... #.............
### ######........
..###.... ## ...


You could see 3 gnolls and 2 goblins.

Vanquished Creatures
  2 bats (D:1)
  2 giant cockroaches
  3 goblins
  2 hobgoblins (D:2)
  A frilled lizard (D:2)
  2 rats
12 creatures vanquished.

Notes
Turn   | Place    | Note
-------+----------+-------------------------------------------
     0 | D:1      | tidbits the Gnoll Skald began the quest for the Orb.
     0 | D:1      | Reached XP level 1. HP: 20/20 MP: 6/6
    51 | D:2      | Reached XP level 2. HP: 26/26 MP: 2/7
    70 | D:2      | Found a snail-covered altar of Cheibriados.
    74 | D:2      | Found a glowing silver altar of Zin.
    80 | D:2      | Became a worshipper of Cheibriados the Contemplative
   199 | D:3      | Learned a level 2 spell: Song of Slaying
   202 | D:3      | Learned a level 2 spell: Shroud of Golubria
   210 | D:3      | HP: 1/26 [goblin/club (2)]
   211 | D:3      | Mangled by a gnoll

Action                   || total
-------------------------++-------
Melee: Hand axe          ||    24
       Bite              ||     2
 Cast: Infusion          ||     2
       Shroud of Golubri ||     1
       Song of Slaying   ||     1
Armor: Leather armour    ||     4
Dodge: Dodged            ||    23

Table legend:
 A = Turns spent in this place as a percentage of turns spent in the entire game.
 B = Non-inter-level travel turns spent in this place as a percentage of non-inter-level travel turns spent in the entire game.
 C = Inter-level travel turns spent in this place as a percentage of turns spent in this place.
 D = Turns resting spent in this place as a percentage of non-inter-level travel turns spent in this place.
 E = Turns spent auto-exploring this place as a percentage of non-inter-level travel turns spent in this place.
 F = Non-inter-level travel turns spent in this place divided by the number of levels of this place that you've seen.
                   A       B       C       D       E      F
               +-------+-------+-------+-------+-------+----------------------
         Total | 100.0 | 100.0 |   8.1 |   0.0 |   0.0 |  64.7
       Dungeon | 100.0 | 100.0 |   8.1 |   0.0 |   0.0 |  64.7
               +-------+-------+-------+-------+-------+----------------------

Table legend:
 A = Kills in this place as a percentage of kills in entire the game.
 B = Kills by you in this place as a percentage of kills by you in the entire game.
 C = Kills by friends in this place as a percentage of kills by friends in the entire game.
 D = Other kills in this place as a percentage of other kills in the entire game.
 E = Experience gained in this place as a percentage of experience gained in the entire game.
 F = Experience gained in this place divided by the number of levels of this place that you have seen.
                   A       B       C       D       E      F
               +-------+-------+-------+-------+-------+----------------------
         Total | 100.0 | 100.0 |   N/A |   N/A | 100.0 |   7.0
       Dungeon | 100.0 | 100.0 |   N/A |   N/A | 100.0 |   7.0
               +-------+-------+-------+-------+-------+----------------------

Vault maps used:
D:1:      dpeg_arrival_shrine
D:2:      wad_river_or_something, grunt_temple_overflow_open,
          amethyst_overflow_temple_binary, first_ration,
          makhleb_blood_cavern_becter, uniq_sigmund
D:3:      lemuel_upstairs_altar, chequers_ecumenical_altar_island
